 Dungeon Crawl Stone Soup version 0.27-a0-379-g34d631faf5 (webtiles) character file.

Game seed: 1167446631324730332

40 CryoSword the Conjurer (level 3, 0/26 HPs)
             Began as a Demigod Conjurer on Feb 17, 2021.
             Slain by Sigmund
             ... wielding a +0 scythe
              (11 damage)
             ... on level 2 of the Dungeon.
             The game lasted 00:02:59 (1837 turns).

CryoSword the Conjurer (Demigod Conjurer)           Turns: 1837, Time: 00:02:59

Health: 0/26       AC:  4    Str:  8    XL:     3   Next: 14%
Magic:  5/8        EV: 12    Int: 24    God:
Gold:   107        SH:  0    Dex: 12    Spells: 5/6 levels left

rFire    . . .     SeeInvis .   d - +0 dagger (venom)
rCold    . . .     Faith    .   (no shield)
rNeg     . . .     Spirit   .   a - +0 robe
rPois    .         Reflect  .   (no helmet)
rElec    .         Harm     .   (no cloak)
rCorr    .         Rampage  .   f - +0 pair of gloves
Will     .....                  c - +0 pair of boots
Stlth    ++........             (no amulet)
HPRegen  0.08/turn              (no ring)
MPRegen  0.11/turn              (no ring)

@: no status effects
A: high mp 1
a: no special abilities


You were on level 2 of the Dungeon.
You visited 1 branch of the dungeon, and saw 2 of its levels.

You collected 107 gold pieces.

Inventory:

Hand Weapons
 d - a +0 dagger of venom (weapon)
   (You took it off a goblin on level 1 of the Dungeon)
Armour
 a - a +0 robe (worn)
 c - a +0 pair of boots (worn)
   (You found it on level 1 of the Dungeon)
 f - a +0 pair of gloves (worn)
   (You found it on level 1 of the Dungeon)
Scrolls
 b - 2 scrolls of identify {unknown}
 e - a scroll of amnesia {unknown}
Potions
 g - 2 potions of flight {unknown}


   Skills:
 - Level 1.7 Dodging
 * Level 2.6 Stealth
 + Level 2.1 Spellcasting
 * Level 4.1 Conjurations


You had 5 spell levels left.
You knew the following spells:

 Your Spells              Type           Power        Failure   Level
a - Magic Dart            Conj           88%          2%          1

Your spell library contained the following spells:

 Spells                   Type           Power        Failure   Level
 Searing Ray              Conj           44%          3%          2
 Dazzling Flash           Conj/Hex       24%          16%         3
 Fulminant Prism          Conj/Hex       6%           45%         4
 Iskenderun's Mystic Bla  Conj/Tloc      12%          45%         4


Dungeon Overview and Level Annotations

Branches:
Dungeon (2/15)

Annotations:
D:2 Sigmund


Innate Abilities, Weirdness & Mutations

You have an increased reservoir of magic. (+10% MP)


Message History

Found a dagger.
A rat comes into view.
A rat is nearby!
Aim: a rat (0% to evade)
The magic dart hits the rat.
You kill the rat!
No target in view!
A goblin comes into view. It is wielding a +0 dagger.
A goblin is nearby!
Aim: a goblin, wielding a +0 dagger (asleep, 0% to evade)
The magic dart hits the goblin.
The goblin shouts!
Aim: a goblin, wielding a +0 dagger (heavily wounded, 0% to evade)
The magic dart hits the goblin.
You kill the goblin!
Your Conjurations skill increases to level 4!
Things that are here:
a +0 dagger; a goblin corpse You see here a rat corpse.
Could not explore, unopened door.
You open the door.
There is an open door here.
Could not explore, unopened door.
As you open the door, it creaks loudly!
Done exploring.
Done exploring.
Done exploring.
There is an open door here.
Things that are here:
a +0 dagger; a kobold skeleton
There is a stone staircase leading down here.
You climb downwards.
Level annotation: Sigmund A frilled lizard comes into view.
Found four items.
There is a stone staircase leading up here.
Aim: a frilled lizard (asleep, 0% to evade)
The magic dart hits the frilled lizard.
You kill the frilled lizard!
You can't see any susceptible monsters within range! (Use Z to cast anyway.) Unknown command.
You now have 74 gold pieces (gained 11).
You now have 89 gold pieces (gained 15).
A bat comes into view.
Found 12 gold pieces.
You see here a gold piece.
A bat is nearby!
Aim: a bat (asleep, 0% to evade)
The magic dart hits the bat but does no damage.
Aim: a bat (0% to evade)
The magic dart hits the bat.
You miss the bat. The bat closely misses you.
You closely miss the bat. The bat hits you but does no damage.
The bat completely misses you.
Aim: a bat (heavily wounded, 0% to evade)
The magic dart hits the bat.
You kill the bat!
You now have 90 gold pieces (gained 1).
You now have 95 gold pieces (gained 5).
b - 2 scrolls labelled KEH RUTEKE (gained 1)
You now have 107 gold pieces (gained 12).
A kobold comes into view.
A kobold is nearby!
A kobold is nearby!
Aim: a kobold, quivering stones (wandering, hasn't noticed you, 0% to evade)
The magic dart hits the kobold.
The kobold shouts!
You hear an angry hiss.
An adder comes into view.
You barely miss the kobold. The kobold barely misses you.
You closely miss the kobold.
The adder hisses angrily.
The kobold hits you.
Aim: a kobold, quivering stones (moderately wounded, 0% to evade)
The magic dart hits the kobold.
The kobold hits you but does no damage.
You closely miss the kobold. The kobold closely misses you.
You hit the kobold.
You kill the kobold!
Aim: an adder (0% to evade)
The magic dart hits the adder.
The adder closely misses you.
Aim: an adder (heavily wounded, 0% to evade)
The magic dart hits the adder.
The adder misses you. The adder bites you but does no damage.
Aim: an adder (almost dead, 0% to evade)
The magic dart hits the adder.
You kill the adder!
You have reached level 3!
Your experience leads to a dramatic increase in your attributes!
Increase (S)trength, (I)ntelligence, or (D)exterity?
You feel clever. x4
You see here a stone.
Found 21 arrows.
A kobold comes into view. It is wielding a +0 short sword.
A kobold is nearby!
A kobold is nearby!
Aim: a kobold, wielding a +0 short sword (asleep, 0% to evade)
The magic dart hits the kobold but does no damage.
The kobold shouts!
You hear a shout!
Aim: a kobold, wielding a +0 short sword (0% to evade)
The magic dart hits the kobold.
You kill the kobold!
You can't see any susceptible monsters within range! (Use Z to cast anyway.) Unknown command.
Unknown command.
Found a stone staircase leading up.
Things that are here:
a +0 short sword; a kobold corpse A dart slug is nearby!
Aim: a dart slug (wandering, hasn't noticed you, 0% to evade)
The magic dart hits the dart slug.
You can't see any susceptible monsters within range! (Use Z to cast anyway.) Sigmund is nearby!
Aim: Sigmund, wielding a +0 scythe and wearing a +0 robe (wandering, hasn't noticed you, 0% to evade)
The magic dart hits Sigmund.
Aim: a dart slug (severely wounded, 0% to evade)
The magic dart hits the dart slug.
Aim: a dart slug (severely wounded, 0% to evade)
The magic dart hits the dart slug.
You kill the dart slug!
Aim: Sigmund, wielding a +0 scythe and wearing a +0 robe (lightly wounded, 0% to evade)
The magic dart hits Sigmund but does no damage.
Sigmund screams, "Don't try to resist!"
You can't see any susceptible monsters within range! (Use Z to cast anyway.) Unknown command.
Aim: Sigmund, wielding a +0 scythe and wearing a +0 robe (lightly wounded, 0% to evade)
The magic dart hits Sigmund.
Sigmund's eyes start glowing with a red light.
Sigmund casts a spell at you.
You are confused.
Sigmund points at you and mumbles some strange words.
You are more confused.
You bump into the rock wall.
You bump into the rock wall.
You're too confused to move!
Sigmund flickers, as though insubstantial.
Sigmund misses you.
You bump into the rock wall.
Sigmund hits you from afar with a +0 scythe.
Unknown command.
You're too confused to move!
Sigmund closely misses you.
You bump into the rock wall.
You feel less confused. Sigmund barely misses you.
You hit Sigmund. You closely miss Sigmund. Sigmund barely misses you.
You closely miss Sigmund. Sigmund hits you with a +0 scythe!
* * * LOW HITPOINT WARNING * * *
You hit Sigmund.
Sigmund is poisoned.
You completely miss Sigmund. Sigmund hits you with a +0 scythe!
You die...

...## #..................
##..####............###.###
#.......)............##.#
#(...##..####.....##.##.#
######.....=.########..
#.(..#### ........#...@....#
##..#####.....
#####.......####.#
#............. #....†..#
#@###.##.......### #...(##.#
#@.##.##....(..# . #....##.#
##.##<##.......#
..###....##.#####.#..#........#
.........{.....##......#......#
.........#......#...#)#####..##
.........#<####.......# ##...
..#................#### .#.#
...........###....## ....
.?..............### .


You could see Sigmund (very poisoned).

Vanquished Creatures
  An adder (D:2)
  A dart slug (D:2)
  3 bats
  8 goblins (D:1)
  A hobgoblin (D:1)
  2 jackals (D:1)
  5 kobolds
  2 frilled lizards
  4 rats (D:1)
27 creatures vanquished.

Notes
Turn   | Place    | Note
-------+----------+-------------------------------------------
     0 | D:1      | CryoSword the Demigod Conjurer began the quest for the Orb.
     0 | D:1      | Reached XP level 1. HP: 14/14 MP: 5/5
   635 | D:1      | You fall into a shaft and drop 1 floor!
   637 | D:2      | Noticed Sigmund
  1065 | D:1      | Reached XP level 2. HP: 20/20 MP: 1/7
  1526 | D:1      | Reached skill level 4 in Conjurations
  1709 | D:2      | Reached XP level 3. HP: 21/26 MP: 2/8
  1837 | D:2      | Slain by Sigmund

Illustrated notes

Levels and vault maps discovered:
D:1:      heliophobic_arrival_glass_houses, layout_basic
D:2:      layout_rooms, yredelemnul_forgotten_temple_becter,
          makhleb_grotto_becter, uniq_sigmund, uniq_terence

Skill      XL: |  1  2 |
---------------+-------+-----
Stealth        | 2 |  2.6
Spellcasting   | 2 |  2.1
Conjurations   | 4 |  4.1
Dodging        | |  1.7

Action                   || total
-------------------------++-------
Melee: Dagger            ||    31
 Cast: Magic Dart        ||    50
Armor: Robe              ||    14
Dodge: Dodged            ||    28

Table legend: (Time is in decaauts)
 A = Elapsed time spent in this place.
 B = Non-inter-level travel time spent in this place.
 C = Inter-level travel time spent in this place.
 D = Time resting spent in this place.
 E = Time spent auto-exploring this place.
 F = Levels seen in this place.
 G = Mean time per level.
                   A        B        C        D        E       F      G
               +--------+--------+--------+--------+--------+-----+--------+
         Total |   1837 |   1825 |     12 |      0 |   1606 |   2 |  918.5 |
       Dungeon |   1837 |   1825 |     12 |      0 |   1606 |   2 |  918.5 |
               +--------+--------+--------+--------+--------+-----+--------+

Top non-repeatable levels by time:
     D:1: 1603 daAuts
     D:2: 234 daAuts
